[Event "CCT Julius Baer-D3 2024"]
[Site "Online"]
[Date "2024.09.29"]
[Round "54"]
[White "Niemann, Hans Moke"]
[Black "Bharath Subramaniyam H"]
[Result "0-1"]
[Annotator "TA"]
[ECO "C55"]
[WhiteElo "2733"]
[BlackElo "2561"]
[PlyCount "122"]
[EventDate "2024.09.25"]
[EventType "swiss"]
[EventCountry "NET"]
[SourceTitle "playchess.com"]
[Source "ChessBase"]
[SourceQuality "1"]
[TimeControl "600+2"]

1. e4 e5 2. Nf3 Nc6 3. Bc4 Nf6 4. d3 Be7 5. O-O O-O 6. a4 d5 7. exd5 Nxd5 8. Re1 Bg4 9. h3 Bh5 10. c3 {[%emt 0:00:03] White is slightly better.} Nb6 11. Bb5 {[%emt 0:01:59] Threatens to win with a5.} Nd7 12. Nbd2 Bd6 13. Ne4 f5 14. Ng3 Bg6 15. Bg5 Qe8 16. Bc4+ Kh8 17. d4 (17. Bf4 $11) 17... e4 (17... f4 $1 $17 18. Ne4 Bxe4 19. Rxe4 h6) 18. Nh4 h6 19. Nxg6+ Qxg6 20. Bh4 Rae8 21. Be2 (21. Qc2 $142) 21... Qh7 $1 $17 {[%emt 0:00:14] And now ...g5 would win.} 22. Nf1 f4 {[%emt 0:00:26] White must now prevent ...g5.} 23. f3 e3 {[%emt 0:01:30] Strongly threatening ...g5.} 24. Bd3 {[%emt 0:00:01] White is weak on the dark squares} Qg8 {[%emt 0:00:02] ...g5 would now be deadly.} 25. Re2 g5 26. Be1 h5 27. Nh2 (27. b4 $11 {keeps the balance.}) 27... Nf6 ({Better is} 27... a5 $17) 28. Rc2 {[%emt 0:00:07] [#]} (28. b4 $11 {remains equal.}) 28... Qg7 (28... a5 $1 $17 29. Re2 Qf7) 29. Be2 (29. a5 $15) 29... Ne7 {[%emt 0:00:06] Black has more active pieces.} 30. c4 (30. Bd3 $17) 30... Nf5 31. Qd3 Nh6 (31... Qh7 $142 {[%cal Of5d4] Hoping for ...Nxd4!} 32. Bc3 c6) 32. c5 Be7 33. d5 Rd8 (33... g4 34. hxg4 hxg4 35. d6 gxf3 36. Bxf3 cxd6 37. cxd6 $16) 34. d6 cxd6 35. c6 bxc6 36. Rxc6 Nd7 $36 {[%emt 0:00:17][%cal Od7e5][%mdl 2048] ...Ne5! is the strong threat. Black has strong initiative.} 37. Rc7 {[%emt 0:00:18] [#]} Ne5 (37... Qxb2 $2 38. Bc3+ $18) (37... Bf6 $142 $1 38. Rxa7 Nf5 (38... Bxb2 39. Rb1 $17)) 38. Bc3 (38. Qd5 $17) 38... Rf7 $19 (38... Nxd3 39. Bxg7+ Kxg7 40. Bxd3) 39. Qd5 Bf6 40. Rxf7 Qxf7 ({Weaker is} 40... Nhxf7 41. Rc1 $17) (40... Nexf7 41. Ba5 $19) 41. Rd1 Qxd5 42. Rxd5 Nf5 43. Nf1 Ne7 {[%emt 0:00:03] Excellent horsemanship.} 44. Ra5 d5 45. Bxe5 Bxe5 46. Rxa7 Nc6 47. Rb7 Nd4 48. Bd3 e2 49. Bxe2 (49. Kf2 {was the only defense.} exf1=B (49... exf1=N $2 50. Kxf1 Rc8 51. Kf2 $19) 50. Kxf1) 49... Nxe2+ 50. Kf2 Nc1 51. b4 Rc8 {[%emt 0:00:12] aiming for ...Rc2+.} 52. a5 Rc2+ 53. Ke1 Nd3+ 54. Kd1 Rf2 55. Nd2 $2 (55. a6 Rxf1+ 56. Kd2 Nxb4 57. a7 Rf2+ 58. Kd1) 55... Bc3 56. Nb3 Nb2+ 57. Kc1 Nd3+ (57... d4 $142 58. Rb8+ Kg7 59. Rb7+ Kf8 60. Rb8+ Ke7 61. Rb7+ Kd6) 58. Kd1 Nxb4 59. Nc5 Rd2+ (59... Nc2 $142 60. Rb8+ Kh7 61. Rb7+ Kg6 62. Rb6+ Kf5 63. Re6 Ne3+ (63... Rxg2 $2 64. Na4 $19) (63... Nd4 $2 64. Re5+ Kg6 65. Nd3 $19) 64. Rxe3 fxe3 65. g4+ Kf6 (65... Kf4 {gets mated.} 66. Nd3+ Kxf3 67. Nxf2 exf2 68. Kc2 d4 69. a6 f1=Q 70. a7 Qe2+ 71. Kb3 Qb5+ 72. Ka3 Qb4+ 73. Ka2 Qb2#) 66. Nd3 e2+ (66... Rxf3 $2 67. a6 $19) 67. Kc1 Rxf3 (67... e1=R+ $2 68. Nxe1 Bxe1 69. a6 $19) 68. Kc2 Rxd3 (68... e1=R $2 69. h4 $19) (68... Bxa5 {leads to mate.} 69. h4 Rxd3 70. hxg5+ Kxg5 71. Kxd3 e1=Q 72. Kc2 Qc3+ 73. Kb1 Qd2 74. gxh5 Bc3 75. h6 Qb2#) 69. h4 e1=Q 70. hxg5+ Kxg5 71. Kb3 Bxa5+ (71... Kxg4 72. Ka4 Qb1 73. Ka3 Bxa5+ 74. Ka4 Qb4#) 72. Kb2 Qe2+ 73. Kc1 Rd1#) 60. Kc1 Ra2 61. Ra7 Ra1# {[%emt 0:00:01] Weighted Error Value: White=0.53/Black=0.31.  Mistake:       	White=9     	Black=5      Inaccurate:     	White=7     	Black=4      OK:         	White=13    	Black=17     Best:        	White=3     	Black=3      Strong:       	---       	Black=1} 0-1

[Event "CCT Julius Baer-D3 2024"]
[Site "Online"]
[Date "2024.09.29"]
[Round "54"]
[White "Niemann, Hans Moke"]
[Black "Bharath Subramaniyam H"]
[Result "1-0"]
[Annotator "ChessBase"]
[ECO "C55"]
[WhiteElo "2733"]
[BlackElo "2561"]
[PlyCount "205"]
[EventDate "2024.09.25"]
[EventType "swiss"]
[EventCountry "NET"]
[SourceTitle "playchess.com"]
[Source "ChessBase"]
[SourceQuality "1"]
[TimeControl "600+2"]

1. e4 e5 2. Nf3 Nc6 3. Bc4 Nf6 4. d3 Be7 5. O-O O-O 6. Re1 d6 7. a3 Be6 8. Nc3 Qd7 9. h3 Rfe8 10. Nd5 Bd8 11. Bg5 Bxd5 12. exd5 Ne7 13. Bxf6 gxf6 14. Nh4 Ng6 15. Qh5 Nxh4 16. Qxh4 f5 17. Qh5 Kh8 18. d4 Bf6 19. dxe5 dxe5 20. d6 cxd6 21. Bxf7 Rf8 22. Bd5 Rae8 23. Rad1 Re7 24. Re3 e4 25. Qe2 Rg7 26. Rb3 b6 27. Rb5 Qe8 28. Kh1 Be5 29. Rg1 Rf6 30. Rb3 Qg6 31. a4 Rf8 32. Ra3 Qh6 33. Qe3 Bf4 34. Qe2 Be5 35. c4 Qf4 36. g3 Qh6 37. Kg2 f4 38. Bxe4 fxg3 39. f3 Qf6 40. Rb1 Rg5 41. b4 Rh5 42. Rh1 Rh4 43. Rd3 Qe6 44. Rd5 Rf6 45. Qd3 Rf8 46. a5 Rg8 47. Bf5 Qf6 48. a6 Qh6 49. Bg4 Qf4 50. c5 Rgxg4 51. cxb6 Rg8 52. b7 Qxb4 53. Rb5 Qa4 54. b8=Q Qa2+ 55. Rb2 Bxb2 56. Qbb3 Qxb3 57. Qxb3 Be5 58. Rd1 Rc8 59. Rd2 Rhc4 60. f4 Bxf4 61. Re2 Be5 62. Qb7 R4c7 63. Qd5 Rc2 64. Rxc2 Rxc2+ 65. Kf3 Rf2+ 66. Ke3 Bf4+ 67. Ke4 Be5 68. Qa8+ Kg7 69. Qxa7+ Rf7 70. Qg1 Rf4+ 71. Kd5 Ra4 72. a7 Ra2 73. Ke6 h5 74. h4 Kh6 75. Qe3+ Kg7 76. Qg5+ Kh7 77. Qxh5+ Kg7 78. Qg5+ Kh7 79. Qe7+ Kh6 80. Qf8+ Kh5 81. a8=Q Rxa8 82. Qxa8 Kxh4 83. Qg2 Kg4 84. Kd5 Kf4 85. Qe4+ Kg5 86. Qf3 Kh4 87. Ke4 Kh3 88. Qh1+ Kg4 89. Qg2 Bf6 90. Ke3 Bg5+ 91. Ke2 Bf4 92. Qf3+ Kf5 93. Kf1 Ke5 94. Kg2 d5 95. Qe2+ Kd4 96. Qd1+ Ke5 97. Qf3 d4 98. Qh5+ Ke4 99. Qd1 Ke5 100. Qa4 Ke4 101. Qa6 d3 102. Qa8+ Ke3 103. Qe8+ 1-0

[Event "CCT Julius Baer-D3 2024"]
[Site "Online"]
[Date "2024.09.29"]
[Round "54"]
[White "Navara, David"]
[Black "Yoo, Christopher Woojin"]
[Result "1/2-1/2"]
[Annotator "TA"]
[ECO "E04"]
[WhiteElo "2681"]
[BlackElo "2603"]
[PlyCount "85"]
[EventDate "2024.09.25"]
[EventType "swiss"]
[EventCountry "NET"]
[SourceTitle "playchess.com"]
[Source "ChessBase"]
[SourceQuality "1"]
[TimeControl "600+2"]

1. Nf3 d5 2. g3 Nf6 3. Bg2 c5 4. O-O Nc6 5. d4 e6 6. c4 dxc4 7. Qa4 Bd7 8. Qxc4 b5 9. Qc3 Nd5 10. Qd2 cxd4 11. Nxd4 {[%emt 0:00:02] White is slightly better.} Qb6 12. Bxd5 (12. Nb3 $5) 12... exd5 13. Nxc6 Bxc6 14. Qe3+ Be7 15. Rd1 {[%emt 0:00:19] [#]} d4 $1 16. Qe5 f6 {[%emt 0:00:45] The position is equal.} 17. Qe6 Qc5 18. Nd2 Bd5 {[%emt 0:00:53] Inhibits Nb3.} 19. Qf5 O-O 20. Nb3 Bxb3 {[%emt 0:00:04] A strong pair of Bishops.} 21. Qxc5 Bxc5 22. axb3 Rfe8 23. Kf1 Re6 24. Bd2 Rae8 25. Re1 Bb6 26. Ba5 Bxa5 27. Rxa5 $11 {[%emt 0:00:00][%mdl 4096] Endgame. KRR-KRR} d3 28. e3 a6 29. Rd1 Rd6 30. Raa1 Rc8 31. Rd2 Kf7 32. Rad1 Ke6 33. Ke1 Rcd8 34. Rc1 f5 35. b4 g5 36. f3 f4 37. Kf2 fxe3+ 38. Kxe3 Kf6 39. Rc3 Re8+ 40. Kf2 Red8 41. Ke3 Re8+ 42. Kf2 Red8 43. Ke3 {[%emt 0:00:05] Weighted Error Value: White=0.03 (flawless) /Black=0.03 (flawless) .  Inaccurate:     	White=2     	Black=1      OK:         	White=22    	Black=16     Best:        	---       	Black=1} 1/2-1/2

[Event "CCT Julius Baer-D3 2024"]
[Site "Online"]
[Date "2024.09.29"]
[Round "54"]
[White "Sindarov, Javokhir"]
[Black "Makarian, Rudik"]
[Result "1-0"]
[Annotator "TA"]
[ECO "C50"]
[WhiteElo "2677"]
[BlackElo "2550"]
[PlyCount "51"]
[EventDate "2024.09.25"]
[EventType "swiss"]
[EventCountry "NET"]
[SourceTitle "playchess.com"]
[Source "ChessBase"]
[SourceQuality "1"]
[TimeControl "600+2"]

1. e4 e5 2. Nf3 Nc6 3. Bc4 Nf6 4. d3 Bc5 5. Nc3 h6 6. O-O d6 7. Na4 Bb6 8. a3 O-O 9. h3 Be6 {[%emt 0:00:27] The position is equal.} 10. Bxe6 fxe6 11. b4 Qd7 12. c3 Rf7 13. Ra2 Raf8 14. Re1 Nh5 {[%emt 0:00:28] [#]} (14... Ne7 $11) 15. Nxb6 $1 $16 axb6 {[%emt 0:00:03] [#]} 16. Ng5 $1 hxg5 17. Qxh5 b5 18. Bxg5 Na7 (18... d5 $16 {keeps fighting.} 19. Rc1 Ra8) 19. Re3 $18 Nc6 20. Rg3 {[%emt 0:00:20] Black must now prevent Rg4.} d5 $2 (20... Qe8 21. Bh6 b6) 21. Rg4 Qe8 22. Rh4 Rd7 23. Qh7+ Kf7 24. Rh6 {[%emt 0:00:25] aiming for exd5.} Qc8 25. Rf6+ Ke8 26. Rxf8+ {[%emt 0:00:00] Weighted Error Value: White=0.24 (precise) /Black=0.96.  Mistake:       	---       	Black=3      Inaccurate:     	---       	Black=1      OK:         	White=8     	Black=3      Best:        	White=1     	---        Strong:       	White=1     	---        Brilliant:      	White=1     	---} 1-0

[Event "CCT Julius Baer-D3 2024"]
[Site "Online"]
[Date "2024.09.29"]
[Round "54"]
[White "Yoo, Christopher Woojin"]
[Black "Navara, David"]
[Result "1-0"]
[Annotator "TA"]
[ECO "E01"]
[WhiteElo "2603"]
[BlackElo "2681"]
[PlyCount "37"]
[EventDate "2024.09.25"]
[EventType "swiss"]
[EventCountry "NET"]
[SourceTitle "playchess.com"]
[Source "ChessBase"]
[SourceQuality "1"]
[TimeControl "600+2"]

1. Nf3 d5 2. d4 Nf6 3. c4 c6 4. Nc3 e6 5. g3 Nbd7 6. Bg2 dxc4 7. O-O b5 8. e4 Bb7 9. a4 b4 10. e5 $1 bxc3 11. exf6 {[%emt 0:00:02] The position is equal.} gxf6 12. bxc3 c5 13. Re1 {[%emt 0:00:42][%cal Of3g5] [#] Black must now prevent Ng5!} cxd4 $2 (13... Bg7 $14) 14. Nxd4 $18 Bxg2 $2 (14... Qb6 15. Qh5 e5) 15. Nxe6 ({Stronger than} 15. Kxg2 Ne5 16. Qh5 Qd5+ 17. f3 O-O-O $15) 15... fxe6 16. Qh5+ (16. Kxg2 $2 {perishes.} Qb6 17. Qd5 O-O-O 18. Qxc4+ (18. Rxe6 Ne5 $17) 18... Nc5 $19) 16... Ke7 {[%emt 0:00:01] [#] Hoping for ...Qe8.} 17. Ba3+ (17. Kxg2 Qb6 18. Kg1 Qc6 $17) 17... Nc5 18. Rad1 {[%emt 0:00:18] Against Bd5} Qe8 19. Bxc5# {[%emt 0:00:04] Black got outplayed after the opening.   Weighted Error Value: White=0.02 (flawless) /Black=1.86.  Loses game:     	---       	Black=1      Mistake:       	---       	Black=1      Inaccurate:     	White=1     	Black=1      OK:         	White=2     	Black=2      Best:        	White=2     	Black=1      Strong:       	White=1     	---} 1-0

[Event "CCT Julius Baer-D3 2024"]
[Site "Online"]
[Date "2024.09.29"]
[Round "54"]
[White "Bharath Subramaniyam H"]
[Black "Niemann, Hans Moke"]
[Result "0-1"]
[Annotator "TA"]
[ECO "B88"]
[WhiteElo "2561"]
[BlackElo "2733"]
[PlyCount "150"]
[EventDate "2024.09.25"]
[EventType "swiss"]
[EventCountry "NET"]
[SourceTitle "playchess.com"]
[Source "ChessBase"]
[SourceQuality "1"]
[TimeControl "600+2"]

1. e4 c5 2. Nf3 d6 3. Nc3 a6 4. d4 cxd4 5. Nxd4 Nf6 6. Bc4 e6 7. a4 Nc6 8. Be3 Bd7 9. O-O Be7 10. Qe2 O-O 11. Nxc6 Bxc6 12. a5 Rc8 13. Bb6 Qe8 14. Rfd1 Nd7 15. Bd4 Qd8 16. Bb3 Qc7 17. Qe3 Rfd8 18. Na4 Bf6 19. Bxf6 Nxf6 20. Nb6 Rb8 21. f3 Nd7 22. Nxd7 Rxd7 23. c3 Rbd8 24. Rd2 h6 25. Bc2 d5 26. e5 Bb5 27. Rd4 Rc8 28. f4 Re7 29. h3 b6 30. axb6 Qxb6 31. Qf2 Rb8 32. f5 exf5 33. Qxf5 g6 34. Qf4 Rbe8 35. Re1 (35. Qxh6 Rxe5 36. Kh2 Re2 $15) 35... Bd7 (35... Re6 $11 {keeps the balance.}) 36. Kh2 $16 (36. Qxh6 $6 Rxe5 37. Rxe5 Rxe5 $11) 36... Qb8 (36... Qxb2 $2 {loses.} 37. Qxh6 (37. Re2 Qxc3 38. Rxd5 Be6 $11) 37... f5 38. exf6 (38. Qxg6+ $2 {too greedy.} Rg7 $19) 38... Qb8+ 39. Rf4 $18) 37. Qxh6 (37. Rxd5 $16 Qxb2 38. Rc1) 37... Rxe5 $11 38. Rxe5 Qxe5+ 39. Qf4 Qxf4+ 40. Rxf4 Re2 41. Bd3 (41. Bb3 $1 $11) 41... Rxb2 $15 42. Bxa6 Rb3 43. c4 Rb6 44. Bb5 $1 Bxb5 45. cxb5 Rxb5 46. h4 Rc5 47. Rf1 (47. Rf3 $11 {remains equal.}) 47... d4 $17 48. Kg3 Re5 (48... f5 $17) 49. Rd1 $11 Re4 50. Kf3 $1 f5 51. g3 Kf7 52. Ra1 Kf6 53. Ra6+ Re6 54. Ra3 Ke5 55. Ra5+ Kd6 56. h5 $2 (56. Kf2 $11) 56... gxh5 $19 57. Rxf5 {[%emt 0:00:00] [#]} d3 $1 58. Rf8 Kc5 59. Rd8 Kc4 60. Kg2 Kc3 61. Kf2 Re5 62. Ra8 d2 63. Rc8+ Kd3 64. Rd8+ Kc2 65. Rc8+ Kd1 66. Ra8 Rf5+ 67. Kg2 Ke2 68. Re8+ Kd3 69. Rd8+ Ke3 70. Rd7 Rf2+ 71. Kh3 Ke2 72. Re7+ Kf1 73. Rd7 Ke1 74. Kh4 Rh2+ 75. Kg5 d1=Q 0-1

[Event "CCT Julius Baer-D3 2024"]
[Site "Online"]
[Date "2024.09.29"]
[Round "54"]
[White "Makarian, Rudik"]
[Black "Sindarov, Javokhir"]
[Result "1/2-1/2"]
[Annotator "TA"]
[ECO "A38"]
[WhiteElo "2550"]
[BlackElo "2677"]
[PlyCount "82"]
[EventDate "2024.09.25"]
[EventType "swiss"]
[EventCountry "NET"]
[SourceTitle "playchess.com"]
[Source "ChessBase"]
[SourceQuality "1"]
[TimeControl "600+2"]

1. Nf3 Nf6 2. c4 g6 3. Nc3 c5 4. g3 Bg7 5. Bg2 Nc6 6. d4 cxd4 7. Nxd4 h5 8. h3 {[%emt 0:00:04] Beste} Nxd4 {[%emt 0:00:03] OK} 9. Qxd4 d6 {[%emt 0:00:00] OK. Wit staat iets beter.} 10. b3 O-O {[%emt 0:01:17][%cal Of6e4] [#] ...Ne4! is de sterke dreiging. OK} 11. Bb2 {[%emt 0:00:16] Wit heeft actievere stukken. De zwarte torens stukken zijn slecht gepositioneerd. OK} Be6 {[%emt 0:00:09] Onnauwkeurig} 12. O-O {[%emt 0:00:55] Fout (0.5)} (12. Bxb7 $16 Rb8 13. Bg2 (13. Qxa7 $2 {vergaat.} Qd7 $19)) 12... Nd5 13. Qd2 {[%emt 0:00:15] OK} Nxc3 {[%emt 0:00:01] OK} 14. Bxc3 Bxc3 15. Qxc3 Qc8 16. Kh2 {[%emt 0:00:18] OK} Rb8 {[%emt 0:00:03][%cal Ba8b8,Bb8b5,Bb5a5][%mdl 32] EV=28.93. OK} {Beter is} 17. Rac1 {[%emt 0:00:13] Fout (0.8)} (17. Qd3 $16) 17... b5 $11 {[%emt 0:00:34] Beste (Gemakkelijk)} 18. cxb5 {[%emt 0:00:22] OK} Qxc3 19. Rxc3 {[%emt 0:00:01] [#] Sterke dreiging met a4.} Rxb5 {[%emt 0:00:00] Beste (Gemakkelijk)} 20. Rfc1 {[%emt 0:00:07] OK} Rfb8 {[%emt 0:00:40] OK} 21. Rc7 Ra5 22. R1c2 {[%emt 0:00:01] OK} Kf8 {[%emt 0:00:00] OK} {Wit zou moeten spelen} 23. f4 {[%emt 0:00:57] Fout (0.5)} (23. Bb7 $14) 23... Rbb5 {[%emt 0:00:08] OK} 24. Bf3 {[%emt 0:00:30] OK} Rc5 25. R7xc5 {[%emt 0:00:09] OK} Rxc5 26. Rxc5 dxc5 {[%emt 0:00:00][%mdl 4096] Eindspel. KB-KB} 27. e4 {[%emt 0:00:02] OK} c4 {[%emt 0:00:31] Beste (Gemakkelijk)} 28. bxc4 {[%emt 0:00:02] OK} Bxc4 29. a3 {[%emt 0:00:01] OK} e5 {[%emt 0:00:09] OK} 30. h4 {[%emt 0:00:18] OK} Ke7 {[%emt 0:00:02] OK} 31. Kg2 {[%emt 0:00:15] OK} Kd6 32. Kf2 {[%emt 0:00:02] OK} Bb5 33. Ke3 {[%emt 0:00:13] OK} Bd7 34. Bd1 Be6 35. Be2 Bb3 {[%emt 0:00:27] OK} 36. f5 Ba4 {[%emt 0:00:08] OK} 37. Bc4 {[%emt 0:00:07] OK} Ke7 {[%emt 0:00:03] OK} {White should pursue} 38. Bd5 {[%emt 0:00:41] Fout (0.6)} (38. fxg6 $11 fxg6 39. Bd5) {Black should consider} 38... Bd7 {[%emt 0:00:09] Fout (0.6)} (38... gxf5 $1 $15 39. exf5 Bc2) 39. fxg6 {[%emt 0:00:03] OK. De stelling is in evenwicht.} fxg6 40. Kd3 Bb5+ {[%emt 0:00:02] OK} 41. Kc3 a5 {[%emt 0:00:02] Blunder waarde: Wit=0.14 (erg precies) /Zwart=0.06 (foutloos) .  Fout:        	Wit=4      	Zwart=1      Onnauwkeurig:    	---       	Zwart=1      OK:         	Wit=17     	Zwart=14     Beste:        	Wit=1      	Zwart=3} 1/2-1/2